 Dungeon Crawl Stone Soup version 0.29.1-12-g30fa7ad0bf (webtiles) character file.

Game seed: 11829551468648648690

79 LohmatiyShmel the Insei (level 4, -1/34 HPs)
             Began as a Gnoll Transmuter on Dec 20, 2022.
             Slain by Robin
             ... wielding a +0 club
              (4 damage)
             ... on level 2 of the Dungeon.
             The game lasted 00:05:31 (1928 turns).

LohmatiyShmel the Insei (Gnoll Transmuter)          Turns: 1928, Time: 00:05:32

Health: -1/34      AC:  2    Str: 11    XL:     4   Next: 37%
Magic:  9/11       EV: 13    Int: 13    God:
Gold:   86         SH:  0    Dex: 12    Spells: 10/13 levels left

rFire   . . .      SeeInvis .   c - staff of poison
rCold   . . .      Faith    .   (no shield)
rNeg    . . .      Spirit   .   a - +0 robe
rPois   +          Reflect  .   (helmet currently unavailable)
rElec   .          Harm     .   (no cloak)
rCorr   .          Rampage  .   (no gloves)
Will    .....                   (boots currently unavailable)
Stlth   ++........              (no amulet)
HPRegen 0.11/turn               (no ring)
MPRegen 0.12/turn               (no ring)

@: appendages (expiring), wereblooded
A: horns 2, talons 2, fangs 1, strong nose, distributed training
a: End Transformation


You were on level 2 of the Dungeon.
You had temporarily grown beastly horns and talons.
You visited 1 branch of the dungeon, and saw 2 of its levels.

You collected 86 gold pieces.

Inventory:

Missiles
 f - 3 poisoned darts
Armour
 a - a +0 robe (worn)
Magical Staves
 c - a staff of poison (weapon)
Scrolls
 e - a scroll of poison
 g - a scroll of teleportation {unknown}
Potions
 b - a potion of lignification
 d - a potion of heal wounds {unknown}


   Skills:
 + Level 2.8 Fighting
 + Level 1.2 Short Blades
 + Level 1.2 Long Blades
 + Level 1.2 Axes
 + Level 1.2 Maces & Flails
 + Level 1.2 Polearms
 + Level 1.2 Staves
 + Level 1.2 Ranged Weapons
 + Level 1.2 Throwing
 + Level 1.2 Armour
 + Level 4.6 Dodging
 + Level 1.2 Stealth
 + Level 1.2 Shields
 + Level 6.6 Unarmed Combat
 + Level 5.1 Spellcasting
 + Level 1.0 Conjurations
 + Level 1.0 Hexes
 + Level 1.0 Summonings
 + Level 1.0 Necromancy
 + Level 1.0 Translocations
 + Level 3.8 Transmutations
 + Level 1.0 Fire Magic
 + Level 1.0 Ice Magic
 + Level 1.0 Air Magic
 + Level 1.0 Earth Magic
 + Level 1.0 Poison Magic
 + Level 1.3 Invocations
 + Level 1.2 Evocations


You had 10 spell levels left.
You knew the following spells:

 Your Spells              Type           Power      Damage    Failure   Level
a - Beastly Appendage     Tmut           26%        N/A       3%          1
b - Wereblood             Tmut           13%        N/A       6%          2

Your spell library contained the following spells:

 Spells                   Type           Power      Damage    Failure   Level
 Sublimation of Blood     Necr           5%         N/A       19%         2
 Spider Form              Tmut/Pois      14%        N/A       21%         3
 Stone Arrow              Conj/Erth      10%        3d7       36%         3
 Ice Form                 Ice/Tmut       9%         N/A       56%         4
 Animate Armour           Summ/Erth      10%        N/A       77%         4
 Summon Hydra             Summ           2%         N/A       100%        7
 Lehudib's Crystal Spear  Conj/Erth      2%         10d2      100%        8


Dungeon Overview and Level Annotations

Branches:
Dungeon (2/15)

Altars:

Shops:
D:1 [

Annotations:
D:2 Robin


Innate Abilities, Weirdness & Mutations

You have temporarily grown beastly horns and talons.
You have very sharp teeth.
Your uncanny sense of smell can sniff out nearby items.
Your experience applies equally to all skills.


Message History

Your Poison Magic skill increases to level 1!
You barely miss Robin. Robin hits you with a +0 club.
You closely miss Robin. You headbutt Robin.
Robin is lightly wounded.
Robin roars a battlecry!
The goblins go into a battle-frenzy!
You hit Robin.
Robin is lightly wounded.
The hobgoblin no longer looks unusually strong.
Robin roars a battlecry!
The hobgoblin goes into a battle-frenzy!
You hit Robin. Your kick misses Robin. You headbutt Robin. You punch Robin.
Robin is severely wounded.
Robin throws the goblin at you! The goblin hits you with a +0 dagger.
Robin misses you. The goblin barely misses you.
You hit Robin but do no damage. You claw Robin.
Robin is almost dead.
Robin closely misses you. The goblin hits you with a +0 dagger.
You hit Robin but do no damage. Your kick misses Robin.
Your headbutt misses Robin. You bite Robin, but do no damage.
Robin is almost dead.
Your transformation is almost over.
Robin hits you with a +0 club. The goblin hits you with a +0 dagger.
* * * LOW HITPOINT WARNING * * *
You hit Robin.
Robin is almost dead.
Robin hits you with a +0 club.
* * * LOW HITPOINT WARNING * * *
The goblin hits you with a +0 dagger.
* * * LOW HITPOINT WARNING * * *
You hit Robin but do no damage. Your kick misses Robin.
Robin is almost dead.
Robin hits you with a +0 club.
* * * LOW HITPOINT WARNING * * *
The goblin hits you with a +0 dagger.
* * * LOW HITPOINT WARNING * * *
You barely miss Robin.
Robin is almost dead.
Robin hits you with a +0 club.
You die...

####...)†....#
........)....#
#######.##.#.#
.......<...#.###
###>...........#
..#...#......#.#
#.#...#.######.# #####
.........#####.###g.....
#...#..........g@gg.....
....#.#..#####.###......
##...<..........# .....
#....###..#####.## $...
...#..........#..## ...
##.##########.#...# .. #.
#.............#.#.# . #.
#..############.#.########
###. #..# #.#......... ...


You could see Robin, 2 hobgoblins and a goblin (strong).

Vanquished Creatures
  3 adders (D:2)
  2 dart slugs
  7 bats
  3 endoplasms (D:1)
  A giant cockroach (D:2)
  12 goblins
  4 hobgoblins
  2 quokkas
  3 ball pythons
  4 frilled lizards (D:1)
  2 kobolds (D:1)
  4 rats
47 creatures vanquished.

Notes
Turn   | Place    | Note
-------+----------+-------------------------------------------
     0 | D:1      | LohmatiyShmel the Gnoll Transmuter began the quest for the
                  | Orb.
     0 | D:1      | Reached XP level 1. HP: 17/17 MP: 6/6
    72 | D:1      | Reached XP level 2. HP: 4/23 MP: 7/7
   344 | D:1      | Found Kefaec's Antique Armour Emporium.
   348 | D:1      | Learned a level 2 spell: Wereblood
   794 | D:1      | Reached skill level 5 in Spellcasting
   794 | D:1      | Reached XP level 3. HP: 28/28 MP: 4/9
  1099 | D:2      | Reached skill level 1 in Invocations
  1164 | D:2      | Reached skill level 1 in Short Blades
  1164 | D:2      | Reached skill level 1 in Long Blades
  1164 | D:2      | Reached skill level 1 in Axes
  1164 | D:2      | Reached skill level 1 in Maces & Flails
  1164 | D:2      | Reached skill level 1 in Polearms
  1164 | D:2      | Reached skill level 1 in Staves
  1164 | D:2      | Reached skill level 1 in Ranged Weapons
  1164 | D:2      | Reached skill level 1 in Throwing
  1164 | D:2      | Reached skill level 1 in Armour
  1164 | D:2      | Reached skill level 1 in Stealth
  1164 | D:2      | Reached skill level 1 in Shields
  1164 | D:2      | Reached skill level 1 in Evocations
  1238 | D:2      | Reached XP level 4. HP: 6/34 MP: 9/11
  1695 | D:2      | Found a faded altar of an unknown god.
  1885 | D:2      | Noticed Robin
  1920 | D:2      | Reached skill level 1 in Conjurations
  1920 | D:2      | Reached skill level 1 in Hexes
  1920 | D:2      | Reached skill level 1 in Summonings
  1920 | D:2      | Reached skill level 1 in Necromancy
  1920 | D:2      | Reached skill level 1 in Translocations
  1920 | D:2      | Reached skill level 1 in Fire Magic
  1920 | D:2      | Reached skill level 1 in Ice Magic
  1920 | D:2      | Reached skill level 1 in Air Magic
  1920 | D:2      | Reached skill level 1 in Earth Magic
  1920 | D:2      | Reached skill level 1 in Poison Magic
  1928 | D:2      | Slain by Robin

Illustrated notes

Levels and vault maps discovered:
D:1:      lightli_arrival_windingriver, layout_loops_ring, serial_shops,
          nicolae_shop_trees, hex_large
D:2:      cheibrodos_pilgrimage, layout_basic,
          hellmonk_ecumenical_altar_crossroads, uniq_robin

Skill      XL: |  1  2  3  4 |
---------------+-------------+-----
Spellcasting   | 5 |  5.1
Invocations    | 1 |  1.3
Short Blades   | 1 |  1.2
Long Blades    | 1 |  1.2
Axes           | 1 |  1.2
Maces & Flails | 1 |  1.2
Polearms       | 1 |  1.2
Staves         | 1 |  1.2
Ranged Weapons | 1 |  1.2
Throwing       | 1 |  1.2
Armour         | 1 |  1.2
Stealth        | 1 |  1.2
Shields        | 1 |  1.2
Evocations     | 1 |  1.2
Conjurations   | 1 |  1.0
Hexes          | 1 |  1.0
Summonings     | 1 |  1.0
Necromancy     | 1 |  1.0
Translocations | 1 |  1.0
Fire Magic     | 1 |  1.0
Ice Magic      | 1 |  1.0
Air Magic      | 1 |  1.0
Earth Magic    | 1 |  1.0
Poison Magic   | 1 |  1.0
Fighting       | |  2.8
Dodging        | |  4.6
Unarmed Combat | |  6.6
Transmutations | |  3.8

Action                   |  1- 3 |  4- 6 || total
-------------------------+-------+-------++-------
Melee: Unarmed           |    56 |       ||    56
       Kick              |    10 |     4 ||    14
       Headbutt          |    12 |     7 ||    19
       Bite              |     3 |     6 ||     9
       Staff             |    27 |    49 ||    76
       Punch             |       |     2 ||     2
 Cast: Beastly Appendage |    16 |     5 ||    21
       Wereblood         |     7 |     3 ||    10
  Use: Scroll            |     1 |     1 ||     2
       Potion            |     1 |       ||     1
 Stab: Sleeping          |     2 |       ||     2
Armor: Robe              |     9 |     9 ||    18
Dodge: Dodged            |    61 |    41 ||   102
